 Dungeon Crawl Stone Soup version 0.27-a0-1513-g2aaa0cc67b (webtiles) character file.

Game seed: 12568568841593366853

2255 pkoi the Carver (level 9, -1/75 HPs)
             Began as a Minotaur Gladiator on July 9, 2021.
             Was a Priest of Okawaru.
             Splashed by a jelly's acid (9 damage)
             ... on level 6 of the Dungeon.
             The game lasted 00:07:47 (6980 turns).

pkoi the Carver (Minotaur Gladiator)                Turns: 6980, Time: 00:07:49

Health: -1/75      AC: -5    Str: 21    XL:     9   Next: 15%
Magic:  11/11      EV: 15    Int: 10    God:    Okawaru [***...]
Gold:   271        SH:  0    Dex: 19    Spells: 8/8 levels left

rFire    . . .     SeeInvis .   a - +1 long sword
rCold    + . .     Faith    .   (no shield)
rNeg     . . .     Spirit   .   s - +0 leather armour
rPois    .         Reflect  .   c - +0 hat
rElec    .         Harm     .   f - +0 cloak
rCorr    .         Rampage  .   e - +0 pair of gloves
Will     .....                  (no boots)
Stlth    +.........             (no amulet)
HPRegen  0.22/turn              x - ring "Vatytag" {rC+ Int+5 Dex+6}
MPRegen  0.12/turn              (no ring)

@: lethally poisoned (-1 -> -4), corroded
A: horns 2, retaliatory headbutt
a: Renounce Religion, Heroism


You were on level 6 of the Dungeon.
You worshipped Okawaru.
Okawaru was most pleased with you.
You visited 2 branches of the dungeon, and saw 8 of its levels.

You collected 271 gold pieces.

Inventory:

Hand Weapons
 a - a +1 long sword (weapon)
 b - a +0 hand crossbow
 B - the +6 dagger "Waemybb" {venom, rF++ rC+ Will++ Dex-3}
   (You found it on level 7 of the Dungeon)

   It poisons the flesh of those it strikes.
   Dex:       It affects your dexterity (-3).
   rF:        It greatly protects you from fire.
   rC:        It protects you from cold.
   Will:      It greatly increases your willpower.
Missiles
 d - 3 throwing nets (quivered)
 r - 6 boomerangs
 t - 36 bolts
Armour
 c - a +0 hat (worn)
 e - a +0 pair of gloves (worn)
 f - a +0 cloak (worn)
 s - a +0 leather armour (worn)
Jewellery
 m - an amulet of faith
 x - the ring "Vatytag" (left hand) {rC+ Int+5 Dex+6}
   (You found it on level 5 of the Dungeon)

   [ring of dexterity]

   Int:       It affects your intelligence (+5).
   Dex:       It affects your dexterity (+6).
   rC:        It protects you from cold.
 A - a ring of see invisible
Wands
 q - a wand of flame (16)
 y - a wand of iceblast (10)
Scrolls
 g - a scroll of silence
 h - a scroll of amnesia {unknown}
 j - 2 scrolls of enchant weapon
 l - 2 scrolls of teleportation
 p - 2 scrolls of noise {unknown}
 u - 3 scrolls of identify
 v - 2 scrolls of vulnerability {unknown}
Potions
 i - a potion of flight {unknown}
 k - 4 potions of ambrosia {unknown}
 n - a potion of brilliance {unknown}
 o - 5 potions of curing {unknown}
 w - a potion of degeneration {unknown}
 z - a potion of haste {unknown}


   Skills:
 + Level 5.7 Fighting
 + Level 9.5 Long Blades
 + Level 4.3 Crossbows
 - Level 2.0 Throwing
 + Level 4.9 Armour
 + Level 5.8 Dodging
 + Level 4.1 Invocations


You had 8 spell levels left.
You didn't know any spells.
Your spell library contained the following spells:

 Spells                   Type           Power      Damage    Failure   Level
 Sandblast                Erth           0%         2d4       41%         1
 Summon Small Mammal      Summ           0%         N/A       41%         1
 Passwall                 Tmut/Erth      0%         N/A       54%         2
 Call Canine Familiar     Summ           0%         N/A       78%         3
 Summon Guardian Golem    Hex/Summ       0%         N/A       78%         3
 Lee's Rapid Deconstruct  Erth           0%         3d5*      100%        5


Dungeon Overview and Level Annotations

Branches:
Dungeon (7/15)             Temple (1/1) D:4

Altars:
Ashenzari
Cheibriados
Dithmenos
Elyvilon
Fedhas
Gozag
Hepliaklqana
Makhleb
Nemelex Xobeh
Okawaru
Qazlal
Ru
Sif Muna
Trog
Uskayaw
Vehumet
Wu Jian
Xom
Yredelemnul
Zin
The Shining One

Shops:
D:5 *   D:7 [


Innate Abilities, Weirdness & Mutations

You have a pair of horns on your head.
You reflexively headbutt those who attack you in melee.


Message History

You feel sick. The killer bee misses you. You furiously retaliate!
You headbutt the killer bee, but do no damage.
You slash the killer bee!
The killer bee is heavily wounded.
You feel sick.
The killer bee stings you but does no damage.
The killer bee barely misses you.
You closely miss the killer bee. Your headbutt misses the killer bee.
The killer bee is heavily wounded.
You feel sick.
The killer bee stings you but does no damage.
You hit the killer bee but do no damage.
The killer bee is heavily wounded.
You feel sick. The killer bee stings you. The killer bee barely misses you.
You miss the killer bee. You headbutt the killer bee.
The killer bee is severely wounded.
The killer bee stings you.
You are more poisoned.
The killer bee poisons you! The killer bee closely misses you.
You miss the killer bee. You headbutt the killer bee.
The killer bee is almost dead.
You feel sick. The killer bee barely misses you. You furiously retaliate!
You headbutt the killer bee!
You kill the killer bee!
Okawaru accepts your kill.
You barely miss the jelly.
You feel sick. The jelly hits you. The acid corrodes you!
You are splashed with acid.
You slash the jelly!
Your hands burn!
You headbutt the jelly.
The jelly is almost dead.
You feel sick. The jelly hits you.
* * * LOW HITPOINT WARNING * * *
The acid corrodes you!
You are splashed with acid!
* * * LOW HITPOINT WARNING * * *
You hit the jelly but do no damage.
Your hands burn!
* * * LOW HITPOINT WARNING * * *
The jelly is almost dead.
You feel sick. The jelly hits you.
* * * LOW HITPOINT WARNING * * *
The acid corrodes you!
You are splashed with acid!
You die...

# #..##.###.........# ##
##..##..<#.........# .#
#....###...........#
<#####.##.#
###.........#
...##..##.## #.#########
##....###..# #[###
.......###.## #...######
######.###..#####......#
######.........J@..#####
.....###.....).#####
)........###.#>###
######.......(.).#
#######..##.####
#####....# # ####.#
#################...#
..................###


You could see a jelly.

Vanquished Creatures
  Prince Ribbit (D:6)
  A wraith (D:6)
  A water moccasin (D:6)
  2 sky beasts
  A black bear (D:5)
  A necrophage (D:6)
  A centaur (D:6)
  2 phantoms
  A bullfrog (D:4)
  2 kobold brigands (D:6)
  Blork the orc (D:4)
  3 scorpions (D:6)
  A wyvern skeleton (D:6)
  A killer bee (D:6)
  2 howler monkeys
  A centaur zombie (D:5)
  5 hounds
  2 orc priests (D:6)
  Jessica (D:2)
  Ijyb (D:3)
  2 iguanas (D:5)
  2 hound skeletons (D:4)
  6 gnolls
  A howler monkey skeleton (D:5)
  4 adders
  A white imp (D:6)
  2 ufetubi (D:5)
  3 worms
  A dart slug (D:2)
  10 orcs
  14 endoplasms
  6 giant cockroaches
  4 goblins
  9 hobgoblins
  6 jackals
  4 quokkas
  7 ball pythons
  6 bats
  2 frilled lizards
  8 kobolds
  2 rats
131 creatures vanquished.

Vanquished Creatures (others)
  An orc (D:7)
1 creature vanquished.

Grand Total: 132 creatures vanquished

Notes
Turn   | Place    | Note
-------+----------+-------------------------------------------
     0 | D:1      | pkoi the Minotaur Gladiator began the quest for the Orb.
     0 | D:1      | Reached XP level 1. HP: 18/18 MP: 0/0
   193 | D:1      | Reached skill level 4 in Long Blades
   239 | D:1      | Reached XP level 2. HP: 22/25 MP: 1/1
   851 | D:1      | Found a faded altar of an unknown god.
  1118 | D:1      | Reached skill level 5 in Long Blades
  1415 | D:2      | Noticed Jessica
  1422 | D:2      | Killed Jessica
  1423 | D:2      | Reached XP level 3. HP: 17/30 MP: 2/2
  1671 | D:2      | Reached skill level 6 in Long Blades
  1671 | D:2      | Reached XP level 4. HP: 36/37 MP: 3/3
  1968 | D:2      | Found a basalt altar of Yredelemnul.
  2305 | D:3      | Noticed Ijyb
  2314 | D:3      | Killed Ijyb
  2519 | D:3      | Reached XP level 5. HP: 42/42 MP: 4/4
  2581 | D:3      | Reached skill level 7 in Long Blades
  3133 | D:4      | Noticed Blork the orc
  3143 | D:4      | Killed Blork the orc
  3150 | D:4      | Found a staircase to the Ecumenical Temple.
  3357 | Temple   | Entered the Ecumenical Temple
  3618 | Temple   | Became a worshipper of Warmaster Okawaru
  3820 | D:4      | Reached skill level 8 in Long Blades
  3820 | D:4      | Reached skill level 1 in Armour
  3820 | D:4      | Reached XP level 6. HP: 5/50 MP: 5/5
  4111 | D:4      | Reached skill level 1 in Invocations
  4150 | D:4      | Reached * piety under Okawaru
  4584 | D:5      | Entered Level 5 of the Dungeon
  4598 | D:5      | Noticed a sky beast
  4611 | D:5      | Killed a sky beast
  4612 | D:5      | Reached skill level 1 in Crossbows
  4612 | D:5      | Reached XP level 7. HP: 57/57 MP: 7/7
  4861 | D:5      | Reached ** piety under Okawaru
  4895 | D:5      | Identified the ring "Vatytag" {rC+ Int+5 Dex+6}
  4931 | D:5      | Found Byvaf's Assorted Antiques.
  5347 | D:6      | Reached XP level 8. HP: 51/66 MP: 7/9
  5507 | D:6      | Reached skill level 9 in Long Blades
  5635 | D:6      | Reached skill level 5 in Dodging
  5739 | D:6      | Reached skill level 5 in Fighting
  5897 | D:6      | Noticed Prince Ribbit
  5916 | D:6      | Killed Prince Ribbit
  6294 | D:7      | Identified the +6 dagger "Waemybb" {venom, rF++ rC+ Will++
                  | Dex-3}
  6510 | D:7      | Found Hixo's Antique Armour Boutique.
  6738 | D:6      | Reached XP level 9. HP: 69/74 MP: 10/10
  6769 | D:6      | Reached *** piety under Okawaru
  6980 | D:6      | Splashed by a jelly's acid

Illustrated notes

Levels and vault maps discovered:
D:1:      dpeg_arrival_shrine, layout_loops_corners,
          chequers_ecumenical_altar_island, grunt_decor_cap,
          amcnicky_mini_rare_corridor_liquid
D:2:      layout_rooms, basic_altar, minmay_tromino_mix6, uniq_jessica
D:3:      layout_loops_corners, uniq_ijyb
D:4:      layout_gridville, temple_pool_b, uniq_blork_the_orc
D:5:      layout_basic, serial_shops, nicolae_shop_window_shopping
D:6:      layout_rooms, uniq_prince_ribbit1
D:7:      layout_rooms, st_stairs_9, nicolae_stop_n_shop_2
Temple:   nicolae_temple_the_god_donut

Skill      XL: |  1  2  3  4  5  6  7  8  9 |
---------------+----------------------------+-----
Long Blades    | 4 5 6 8 9 |  9.5
Armour         | 1 2 3 4 |  4.9
Invocations    | 1 2 3 4 |  4.1
Fighting       | 3 4 5 |  5.7
Crossbows      | 1 2 4 |  4.3
Dodging        | 4 5 |  5.8
Throwing       | |  2.0

Action                   |  1- 3 |  4- 6 |  7- 9 || total
-------------------------+-------+-------+-------++-------
Melee: Long sword        |    58 |   107 |   117 ||   282
       Headbutt          |    12 |    29 |    41 ||    82
       Dagger            |       |       |    19 ||    19
 Fire: Hand crossbow     |       |     6 |    29 ||    35
Invok: Heroism           |       |       |     1 ||     1
  Use: Scroll            |       |     4 |       ||     4
 Stab: Sleeping          |       |     1 |       ||     1
Armor: Leather armour    |    30 |    47 |    23 ||   100
Dodge: Dodged            |    42 |    75 |   122 ||   239
       Rpst.: Long sword |    10 |    23 |    27 ||    60

Table legend: (Time is in decaauts)
 A = Elapsed time spent in this place.
 B = Non-inter-level travel time spent in this place.
 C = Inter-level travel time spent in this place.
 D = Time resting spent in this place.
 E = Time spent auto-exploring this place.
 F = Levels seen in this place.
 G = Mean time per level.
                   A        B        C        D        E       F      G
               +--------+--------+--------+--------+--------+-----+--------+
         Total |   7001 |   6772 |    229 |   1433 |   4452 |   8 |  875.1 |
       Dungeon |   6715 |   6510 |    205 |   1433 |   4212 |   7 |  959.3 |
        Temple |    285 |    261 |     24 |      0 |    240 |   1 |  285.0 |
               +--------+--------+--------+--------+--------+-----+--------+

Top non-repeatable levels by time:
     D:6: 1759 daAuts
     D:1: 1639 daAuts
     D:3: 1351 daAuts
     D:4: 793 daAuts
     D:5: 582 daAuts
     D:2: 537 daAuts
  Temple: 285 daAuts
     D:7: 49 daAuts
